 Dungeon Crawl Stone Soup version 0.30.0-15-g856e2d3f33 (webtiles) character file.

Game seed: 12874437955801271465

1106 Kenran the Cleaver (level 8, 0/46 HPs)
             Began as a Gargoyle Fighter on May 19, 2023.
             Was a Follower of Trog.
             Slain by a wyvern (9 damage)
             ... on level 7 of the Dungeon.
             The game lasted 00:07:16 (4985 turns).

Kenran the Cleaver (Gargoyle Fighter)               Turns: 4985, Time: 00:07:16

Health: 0/46       AC: 13    Str: 22    XL:     8   Next: 33%
Magic:  8/8        EV:  9    Int:  9    God:    Trog [*.....]
Gold:   224        SH:  4    Dex:  9    Spells: 7/7 levels left

rFire   . . .        a - +0 war axe
rCold   + . .        c - +0 buckler
rNeg    + . .        b - +0 scale mail
rPois   ∞            (no helmet)
rElec   +            q - +0 cloak
rCorr   .            (no gloves)
SInv    .            (no boots)
Will    .....        (no amulet) Stlth
                     t - ring of protection from cold
HPRegen 0.27/turn    (no ring)
MPRegen 0.11/turn

%: no passive effects
@: mighty, studying Axes
A: sickness immunity, AC +5, negative energy resistance 1, electricity
resistance, torment resistance 1, petrification resistance
a: Renounce Religion, Berserk


You were on level 7 of the Dungeon.
You worshipped Trog.
Trog was aware of your devotion.
You visited 2 branches of the dungeon, and saw 8 of its levels.

You collected 224 gold pieces.

Inventory:

Hand Weapons
 a - a +0 war axe (weapon)
 g - a +1 hand axe of flaming
Missiles
 d - a throwing net (quivered)
Armour
 b - a +0 scale mail (worn)
 c - a +0 buckler (worn)
 q - a +0 cloak (worn)
Jewellery
 t - a ring of protection from cold (left hand)
Wands
 r - a wand of digging (1)
Scrolls
 e - a scroll of teleportation
 i - a scroll of blinking
 j - 2 scrolls of magic mapping
 m - 2 scrolls of poison
 n - a scroll of fog {unknown}
 p - a scroll of fear {unknown}
 s - a scroll of immolation {unknown}
Potions
 f - 2 potions of ambrosia {unknown}
 h - a potion of haste {unknown}
 k - 3 potions of curing {@q1}
 l - 2 potions of magic
 o - 2 potions of flight {unknown}
 u - a potion of mutation {unknown}
 v - a potion of degeneration {unknown}
 x - a potion of attraction {unknown}
 z - a potion of heal wounds {unknown}


   Skills:
 - Level 3.2 Fighting
 + Level 11.1 Axes
 - Level 3.2 Armour
 - Level 3.2 Shields


You had 7 spell levels left.
You didn't know any spells.
Your spell library contained the following spells:

 Spells                   Type           Power      Damage    Failure   Level
 Kiss of Death            Conj/Necr      0%         2d5       78%         1
 Ensorcelled Hibernation  Hex/Ice        0%         N/A       89%         2
 Passwall                 Tmut/Erth      0%         N/A       89%         2
 Confusing Touch          Hex            0%         N/A       98%         3
 Swiftness                Air            0%         N/A       98%         3
 Dispel Undead            Necr           0%         3d6       100%        4


Dungeon Overview and Level Annotations

Branches:
Dungeon (7/15)             Temple (1/1) D:4

Altars:
Cheibriados
Dithmenos
Elyvilon
Fedhas
Gozag
Hepliaklqana
Kikubaaqudgha
Makhleb
Ru
Sif Muna
Trog
Uskayaw
Xom
Yredelemnul
Zin
The Shining One

Annotations:
D:5 Sigmund
D:6 exclusion: upstairs
D:7 1 runed translucent door, Crazy Yiuf


Innate Abilities, Weirdness & Mutations

You are immune to sickness and miasma.
Your stone body is resilient. (AC +5)
You are immune to poison.
You resist negative energy. (rN+)
You are resistant to electric shocks. (rElec)
You are resistant to unholy torment.
You are immune to petrification.


Message History

The bullfrog closely misses you.
You barely miss the bullfrog. You slash the fungus!
The bullfrog hits you but does no damage.
You slash the bullfrog!
The bullfrog is heavily wounded.
You slash the fungus!
A nearby fungus withers and dies.
The bullfrog hits you. You block the bullfrog's attack.
You barely miss the bullfrog.
The bullfrog is heavily wounded.
The bullfrog hits you.
You miss the bullfrog.
The bullfrog is heavily wounded.
You block the bullfrog's attack.
You barely miss the bullfrog.
The bullfrog is heavily wounded.
The bullfrog barely misses you.
The bullfrog hits you but does no damage.
You slash the bullfrog!
The bullfrog is almost dead.
The bullfrog hits you but does no damage. x2
You slash the bullfrog!
You kill the bullfrog!
Trog accepts your kill. The wyvern closely misses you.
Your Axes skill increases to level 11!
You hit the wyvern.
The wyvern is lightly wounded.
The wyvern bites you but does no damage.
You slash the wyvern!
The wyvern is severely wounded.
The wyvern bites you. The wyvern bites you!
* * * LOW HITPOINT WARNING * * *
You barely miss the wyvern.
The wyvern is severely wounded.
The wyvern bites you.
* * * LOW HITPOINT WARNING * * *
You closely miss the wyvern.
The wyvern is heavily wounded.
The wyvern bites you!
You die...

..... ..... ......####
.........# ........#
#......##♣♣♣♣♣
#......#@..♣.♣♣♣ ≣≣≣
#......l....♣..♣≣...≣
#........PP♣♣♣♣.+g..≣
#......#..♣♣ ♣♣≣..)≣
#......##♣♣ ≣≣≣ #......#
######.# #
#######.################.
..............#......##.#


You could see a wyvern.

Vanquished Creatures
  Prince Ribbit (D:6)
  An ogre (D:5)
  2 phantoms (D:5)
  A bullfrog (D:7)
  A scorpion (D:4)
  4 wights
  2 jellies (D:6)
  3 hounds
  Ijyb (D:4)
  6 adders
  A shadow imp (D:6)
  2 white imps (D:7)
  An ufetubus (D:5)
  A worm (D:2)
  A dart slug (D:4)
  4 orcs
  7 bats
  6 endoplasms
  3 giant cockroaches
  7 hobgoblins
  9 jackals
  4 quokkas
  9 ball pythons
  4 frilled lizards
  8 goblins
  7 kobolds
  8 rats
104 creatures vanquished.

Notes
Turn   | Place    | Note
-------+----------+-------------------------------------------
     0 | D:1      | Kenran the Gargoyle Fighter began the quest for the Orb.
     0 | D:1      | Reached XP level 1. HP: 14/14 MP: 1/1
    34 | D:1      | Reached skill level 2 in Axes
   234 | D:1      | Reached XP level 2. HP: 19/19 MP: 2/2
   619 | D:1      | Reached skill level 3 in Axes
   621 | D:1      | Reached XP level 3. HP: 23/23 MP: 3/3
   701 | D:1      | Found a faded altar of an unknown god.
  1762 | D:3      | Reached XP level 4. HP: 28/28 MP: 4/4
  1915 | D:3      | Reached skill level 4 in Axes
  2024 | D:3      | Reached XP level 5. HP: 22/32 MP: 5/5
  2031 | D:3      | Reached skill level 5 in Axes
  2168 | D:2      | Reached XP level 6. HP: 19/37 MP: 6/6
  2401 | D:3      | Found a blossoming altar of Fedhas.
  2893 | D:3      | Identified a scroll of acquirement
  2895 | D:3      | Acquired a manual of Axes
  2951 | D:4      | Found a staircase to the Ecumenical Temple.
  2960 | Temple   | Entered the Ecumenical Temple
  2960 | Temple   | Found a transporter.
  2960 | Temple   | Found a transporter.
  2962 | Temple   | Found a transporter.
  2962 | Temple   | Found a transporter.
  2983 | Temple   | Became a worshipper of Trog the Wrathful
  3037 | D:4      | Reached skill level 6 in Axes
  3045 | D:4      | Noticed Ijyb
  3088 | D:4      | Found a snail-covered altar of Cheibriados.
  3090 | D:4      | Found a sacrificial altar of Ru.
  3128 | D:4      | Killed Ijyb
  3301 | D:4      | Reached skill level 7 in Axes
  3394 | D:5      | Entered Level 5 of the Dungeon
  3438 | D:5      | Reached XP level 7. HP: 33/41 MP: 7/7
  3439 | D:5      | Found a burning altar of Makhleb.
  3656 | D:4      | Reached skill level 8 in Axes
  3778 | D:6      | Noticed Prince Ribbit
  3793 | D:6      | Killed Prince Ribbit
  3794 | D:6      | Reached skill level 9 in Axes
  4489 | D:6      | Noticed a boulder beetle
  4490 | D:6      | Noticed a troll
  4810 | D:5      | Noticed Sigmund
  4811 | D:5      | Reached skill level 10 in Axes
  4811 | D:5      | Reached XP level 8. HP: 45/46 MP: 8/8
  4885 | D:7      | Found a shimmering altar of Xom.
  4955 | D:7      | Found a runed translucent door.
  4956 | D:7      | Noticed Crazy Yiuf
  4966 | D:7      | Noticed a wyvern
  4969 | D:7      | Reached * piety under Trog
  4982 | D:7      | Reached skill level 11 in Axes
  4985 | D:7      | Slain by a wyvern

Illustrated notes

Levels and vault maps discovered:
D:1:      ldierk_walled_garden, layout_loops_corners,
          shapermc_ecumenical_altar_mp_urbaneastern
D:2:      layout_basic
D:3:      layout_basic, fedhas_altar_1, serial_glass, glass_columns_a,
          glass_columns_b, glass_columns_b, glass_columns_a, glass_columns_b,
          glass_columns_b
D:4:      layout_rooms, mainiacjoe_overflow_catwalk_spiral,
          minmay_temple_entry_poolview, uniq_ijyb
D:5:      layout_rooms, mainiacjoe_overflow_paths, vehumet_statue, uniq_sigmund
D:6:      layout_loops_corners, roderic_lattice_a, lightli_corner_chamber,
          uniq_prince_ribbit1
D:7:      layout_basic, kennysheep_little_box, lemuel_tele_altar,
          uniq_crazy_yiuf_cottage
Temple:   hellmonk_temple_divided_pantheon

Skill      XL: |  1  2  3  4  5  6  7  8 |
---------------+-------------------------+-----
Axes           | 2 3 4 5 7 10 11 | 11.1
Fighting       | |  3.2
Armour         | |  3.2
Shields        | |  3.2

Action                     |  1- 3 |  4- 6 |  7- 9 || total
---------------------------+-------+-------+-------++-------
  Melee: War axe           |    93 |   121 |   120 ||   334
    Use: Scroll            |     3 |     4 |     2 ||     9
         Potion            |       |       |     2 ||     2
 Armour: Scale mail        |    47 |    93 |    81 ||   221
  Dodge: Dodged            |    39 |    76 |    57 ||   172
  Block: Buckler           |    10 |    33 |    24 ||    67
